 Dungeon Crawl Stone Soup version 0.29-a0-870-g2c972031a6 (webtiles) character file.

Game seed: 6953698044177544125

6 persona00 the Ruffian (level 1, 0/18 HPs)
             Began as a Naga Transmuter on July 18, 2022.
             Slain by a ball python (2 damage)
             ... on level 1 of the Dungeon.
             The game lasted 00:05:24 (242 turns).

persona00 the Ruffian (Naga Transmuter)              Turns: 242, Time: 00:05:24

Health: 0/18       AC:  2    Str: 12    XL:     1   Next: 90%
Magic:  3/3        EV:  8    Int: 13    God:
Gold:   17         SH:  0    Dex: 11    Spells: 3/4 levels left

rFire   . . .      SeeInvis +     - Unarmed
rCold   . . .      Faith    .   (no shield)
rNeg    . . .      Spirit   .   d - +0 ring mail
rPois   +          Reflect  .   (no helmet)
rElec   .          Harm     .   (no cloak)
rCorr   .          Rampage  .   (no gloves)
Will    .....                   (no barding)
Stlth   +.........              (no amulet)
HPRegen 0.06/turn               (no ring)
MPRegen 0.08/turn               (no ring)

@: very slow
A: AC +0, large, see invisible, deformed body, poison resistance, slowness 2,
spit poison 1, naga tail 1
a: Spit Poison


You were on level 1 of the Dungeon.
You visited 1 branch of the dungeon, and saw 1 of its levels.

You collected 17 gold pieces.

Inventory:

Hand Weapons
 e - a +0 sling
Missiles
 c - 6 stones (quivered)
Armour
 a - a +0 robe
 d - a +0 ring mail (worn)
Scrolls
 f - a scroll of identify {unknown}
 g - a scroll of fog {unknown}
Potions
 b - a potion of lignification
 h - a potion of brilliance {unknown}


   Skills:
 + Level 1.0 Fighting
 + Level 1.7 Dodging
 + Level 3.1 Unarmed Combat
 + Level 2.1 Spellcasting
 + Level 2.0 Transmutations


You had 3 spell levels left.
You knew the following spells:

 Your Spells              Type           Power      Damage    Failure   Level
a - Beastly Appendage     Tmut           12%        N/A       26%         1

Your spell library contained the following spells:

 Spells                   Type           Power      Damage    Failure   Level
 Wereblood                Tmut           6%         N/A       36%         2
 Spider Form              Tmut/Pois      4%         N/A       75%         3
 Ice Form                 Ice/Tmut       4%         N/A       98%         4


Dungeon Overview and Level Annotations

Branches:
Dungeon (1/15)

Altars:


Innate Abilities, Weirdness & Mutations

Your serpentine skin is tough. (AC +0)
You have supernaturally acute eyesight. (SInv)
Armour fits poorly on your strangely shaped body.
Your system is resistant to poisons. (rPois)
You cover ground very slowly.
You can spit poison.
You have a snake-like lower body.


Message History

A bat comes into view.
The giant cockroach bites you.
The giant cockroach attacks as you move away!
The giant cockroach bites you but does no damage.
The ball python bites you but does no damage.
You clumsily bash the giant cockroach but do no damage.
The bat barely misses you. The giant cockroach bites you.
The ball python barely misses you. The giant cockroach barely misses you.
The ball python bites you but does no damage.
You clumsily bash the giant cockroach but do no damage.
The bat barely misses you. The giant cockroach barely misses you.
The ball python closely misses you. The giant cockroach bites you.
The ball python bites you but does no damage.
You are now empty-handed.
You hit the giant cockroach. You punch the giant cockroach.
You kill the giant cockroach!
The bat barely misses you. The ball python closely misses you.
The bat hits you but does no damage. The ball python bites you.
The ball python barely misses you. The bat hits you but does no damage.
You barely miss the ball python. The bat closely misses you.
The ball python closely misses you.
You closely miss the ball python. The bat hits you but does no damage.
The ball python bites you.
You hit the ball python.
The ball python is severely wounded.
The bat completely misses you. The ball python bites you.
You barely miss the ball python.
The ball python is severely wounded.
The ball python bites you but does no damage.
The bat hits you.
* * * LOW HITPOINT WARNING * * *
The ball python bites you but does no damage.
You closely miss the ball python.
The ball python is severely wounded.
The bat hits you but does no damage. The ball python bites you.
* * * LOW HITPOINT WARNING * * *
You closely miss the ball python.
The ball python is severely wounded.
The bat hits you but does no damage. The ball python bites you.
You die...

###### ##..####..#
#....######..## #.##
###.........## ##.#
#########...###### #..##
.....#...........# #.##.
............####.####.##.
.>......†....# #.##...##.
.......bS....###....####.
........@................
.............####.#.####.
.............#....#.†##..
............#..#####.†...
.....#.....#..## #.....
..##########.## #.#... .
#.# #....# ############
##.# ####.#
#≈≈≈≈≈≈≈≈≈≈####..#
#######.#


You could see a bat and a ball python.

Vanquished Creatures
  A ball python (D:1)
  An endoplasm (D:1)
  A giant cockroach (D:1)
  A hobgoblin (D:1)
  A rat (D:1)
5 creatures vanquished.

Notes
Turn   | Place    | Note
-------+----------+-------------------------------------------
     0 | D:1      | persona00 the Naga Transmuter began the quest for the Orb.
     0 | D:1      | Reached XP level 1. HP: 18/18 MP: 3/3
   242 | D:1      | Slain by a ball python

Illustrated notes

Levels and vault maps discovered:
D:1:      minmay_arrival_checkered_box, layout_rooms,
          chequers_serial_rivers_large_b

Action                   || total
-------------------------++-------
Melee: Unarmed           ||    16
       Sling             ||     3
       Punch             ||     1
 Cast: Beastly Appendage ||     1
  Use: Scroll            ||     1
 Stab: Sleeping          ||     1
Armor: Ring mail         ||    11
Dodge: Dodged            ||    16

Table legend: (Time is in decaauts)
 A = Elapsed time spent in this place.
 B = Non-inter-level travel time spent in this place.
 C = Inter-level travel time spent in this place.
 D = Time resting spent in this place.
 E = Time spent auto-exploring this place.
 F = Levels seen in this place.
 G = Mean time per level.
                   A        B        C        D        E       F      G
               +--------+--------+--------+--------+--------+-----+--------+
         Total |    342 |    122 |    220 |      0 |      0 |   1 |  342.0 |
       Dungeon |    342 |    122 |    220 |      0 |      0 |   1 |  342.0 |
               +--------+--------+--------+--------+--------+-----+--------+

Top non-repeatable levels by time:
     D:1: 342 daAuts
